 Dungeon Crawl Stone Soup version 0.24-a0-361-g57161393b2 (webtiles) character file.

Game seed: 8687088587608612895

7801 MachJacob the Tainter (level 11, -6/75 HPs)
             Began as a Grey Draconian Venom Mage on May 26, 2019.
             Was an Elder of Yredelemnul.
             Mangled by a yak (14 damage)
             ... on level 11 of the Dungeon.
             The game lasted 01:01:30 (16364 turns).

MachJacob the Tainter (Grey Draconian Venom Mage)  Turns: 16364, Time: 01:01:31

Health: -6/75      AC: 14    Str: 11    XL:     11   Next: 1%
Magic:  5/15       EV: 15    Int: 19    God:    Yredelemnul [****..]
Gold:   590        SH:  0    Dex: 11    Spells: 8/16 levels left

rFire    . . .     SeeInvis .   r - +2 dagger (flame)
rCold    . . .     Gourm    .   (no shield)
rNeg     + . .     Faith    .   (armour unavailable)
rPois    .         Spirit   .   (helmet restricted)
rElec    .         Reflect  .   (no cloak)
rCorr    .         Harm     .   f - +1 pair of gloves
MR       .....                  (no boots)
Stlth    ++........             (no amulet)
HPRegen  0.22/turn              k - ring of positive energy
MPRegen  0.14/turn              (no ring)

@: no status effects
A: walk through water, unfitting armour, unbreathing, cold-blooded, AC +12
a: Recall Undead Slaves, Injury Mirror, Animate Dead, Drain Life, Renounce
Religion


You were on level 11 of the Dungeon.
You worshipped Yredelemnul.
Yredelemnul was greatly pleased with you.
You were very hungry.

You visited 1 branch of the dungeon, and saw 9 of its levels.
You also visited: Sewer and Bailey.

You collected 590 gold pieces.

Inventory:

Hand Weapons
 l - a +0 hunting sling
 r - a +2 dagger of flaming (weapon)
Missiles
 c - 6 curare-tipped darts {!f}
 m - 149 stones (quivered)
 G - 62 sling bullets
Armour
 f - a +1 pair of gloves (worn)
Jewellery
 k - a ring of positive energy (left hand)
 p - a +2 amulet of reflection {unknown}
 y - an uncursed amulet of guardian spirit {unknown}
 z - an uncursed amulet of faith
Wands
 B - a wand of polymorph (19)
 F - a wand of random effects (10)
 I - a wand of flame (20)
Scrolls
 d - 8 scrolls of amnesia
 e - 3 scrolls of fog
 g - a scroll of enchant armour
 i - 2 scrolls of teleportation
 j - 2 scrolls of magic mapping
 n - 4 scrolls of fear
 q - a scroll of blinking {unknown}
 v - 5 scrolls of remove curse
 x - a scroll of vulnerability {unknown}
 D - a scroll of immolation {unknown}
 E - 2 scrolls of identify
 K - a scroll of enchant weapon {unknown}
Potions
 a - 5 potions of lignification
 h - 3 potions of might
 o - 4 potions of cancellation
 s - 5 potions of brilliance
 t - 2 potions of heal wounds
 u - 8 potions of curing
 w - a potion of agility
 A - a potion of resistance {unknown}
 C - a potion of ambrosia
 H - 2 potions of flight {unknown}
 M - a potion of mutation {unknown}
Comestibles
 b - 15 rations


   Skills:
 + Level 0.8 Fighting
 + Level 6.3 Dodging
 - Level 1.7 Stealth
 - Level 3.1 Spellcasting
 * Level 9.4 Conjurations
 - Level 5.0 Air Magic
 * Level 9.9 Poison Magic
 - Level 5.0 Invocations


You had 8 spell levels left.
You knew the following spells:

 Your Spells              Type           Power        Failure   Level  Hunger
a - Sting                 Conj/Pois      ####         1%          1    None
b - Mephitic Cloud        Conj/Pois/Air  ####....     1%          3    ###....
c - Olgreb's Toxic Radia  Pois           #####...     2%          4    ####...

Your spell library contained the following spells:

 Spells                   Type           Power        Failure   Level  Hunger
 Shock                    Conj/Air       ####         1%          1    None
 Poisonous Vapours        Pois/Air       ####..       1%          2    ##.....
 Flame Tongue             Conj/Fire      ###..        2%          1    None
 Static Discharge         Conj/Air       ####....     2%          3    ###....
 Dazzling Spray           Conj/Hex       ###...       6%          3    ###....
 Venom Bolt               Conj/Pois      #####.....   8%          5    ######.
 Swiftness                Chrm/Air       ##......     9%          2    ##.....
 Corona                   Hex            #......      16%         1    None
 Airstrike                Air            ###.......   19%         4    ####...
 Ensorcelled Hibernation  Hex/Ice        #.....       22%         2    ##.....
 Lightning Bolt           Conj/Air       ####......   22%         5    ######.
 Confuse                  Hex            #.......     41%         3    ###....
 Tukima's Dance           Hex            #.......     41%         3    ###....
 Bolt of Draining         Conj/Necr      ###.......   52%         5    ######.


Dungeon Overview and Level Annotations

Branches:
Dungeon (11/15)            Temple (0/1) D:6             Orc (0/2) D:11
   Lair: D:8-11

Altars:
Ashenzari
Cheibriados
Elyvilon
Hepliaklqana
Kikubaaqudgha
Uskayaw
Vehumet
Wu Jian
Xom
Yredelemnul
Zin

Annotations:
D:2 exclusion: ooze


Innate Abilities, Weirdness & Mutations

You can walk through water.
Your dull iron-grey scales are very hard. (AC +12)
You cannot fit into any form of body armour.
You can survive without breathing.
You are cold-blooded and may be slowed by cold attacks.


Message History

The yak looks even sicker. x2; Something hits you but does no damage.
Your wight hits the yak with a +2 long sword.
Your wight barely misses the yak.
Something hits you but does no damage. Yredelemnul accepts your kill.
Reactivating autopickup.
You have reached level 11!
You feel a bit more experienced.
Okay, then.
Casting: Olgreb's Toxic Radiance (safe; 2% risk of failure)
Confirm with . or Enter, or press ? or * to list all spells.
Aiming: Sting (safe; 1% risk of failure)
Press: ? - help, Shift-Dir - straight line, f - yak
Aim: a yak (heavily wounded, poisoned)
The sting hits the yak.
The yak looks even sicker.
The yak is heavily wounded.
The yak looks as sick as possible!
Your toxic aura wanes.
The yak gores you!
You die...
Your body rises from the dead as a mindless zombie.

,,,,,,,,,,* *,,,,* ,,,,,,,,<,*
*,,,,* *** ,,,,,,,,,,*******,,,,*
*,*
,,,,,,,,,,,,,,,,,,,,,*********,*
,,,,,,,,,,,,,,,,,,,,,,,,,,,,,,,*
*****,,,,,,,,,,,,,,,,,,,,,,,,,,*
*,,,,,,,,,,,,,,,,,,,,,,,,***
*,,,,,,,#+######,,,,,,,,,*
*,,,,,,,#...@..#,,,,,,,,,*
*****,,,,,,,#...YY.#,,,,,,,,,*
,,,,,,,,,,,,#...Y..#,,,,,,,,,*
,,,,,,,,,,,,#....<.#,,,,,,,,,*
,,,,,,,*++###...z..###+####,,****
,,,,,,,*.....%...?........#,,,,,,
,,,,,,,*...)....Z.........#,,,,,,
,,,,,,,*..............#####,,,,,,
*****,,*..............#,,,,,,,,,,


You could see 3 yaks, a friendly wight and a friendly yak skeleton.

Vanquished Creatures
  An unseen horror (D:11)
  Pikel (D:7)
  2 orc knights (Bailey)
  Joseph (D:7)
  A komodo dragon (D:11)
  A kobold demonologist (Bailey)
  A hippogriff (D:6)
  3 yaks (D:11)
  A human (D:7)
  3 hogs (D:7)
  Grum (D:8)
  Menkaure (D:6)
  3 slaves (D:7)
  7 orc warriors (D:6 Bailey)
  An eye of draining (D:8)
  3 ogres (D:7 D:8)
  2 wolves (D:8)
  7 centaurs (D:3 D:11)
  2 bullfrogs (D:6 D:8)
  2 scorpions (D:4 D:11)
  A yak skeleton (D:11)
  2 wights (D:8)
  3 electric eels (Bailey)
  A hound (D:4)
  2 bullfrog zombies (D:5 D:6)
  4 orc priests (D:6 D:8)
  A jelly (D:7)
  4 bullfrog skeletons (D:5 D:7 D:8 D:11)
  9 orc wizards (D:3 D:4 D:6 D:7 D:8)
  An iguana (D:8)
  4 worker ants (D:4 D:5 D:8)
  A killer bee zombie (D:5)
  5 gnolls (Bailey)
  5 river rats (Sewer)
  5 adders (D:2 D:3 Sewer D:8)
  A shadow imp (D:6)
  2 oozes (D:1 D:2)
  2 adder skeletons (D:6 D:8)
  An adder zombie (D:5)
  6 worms (D:2 D:4 D:5 D:6)
  6 dart slugs (D:1 D:2 D:3)
  3 leopard geckos (D:3 D:6 D:8)
  30 orcs (D:3 D:4 D:5 D:6 D:7)
  3 ball pythons (Sewer)
  6 bats (D:1 D:2)
  3 giant cockroaches (D:1 D:4 D:7)
  13 goblins (D:1 D:2 D:11 Bailey)
  20 hobgoblins (D:1 D:2 Bailey)
  10 jackals (D:3 D:5 D:7)
  21 kobolds (D:1 D:2 D:3 Sewer)
  7 quokkas (D:2 D:3 D:5 D:7 D:8)
  2 frilled lizards (D:3 Sewer)
  A frilled lizard skeleton (Sewer)
  A jackal zombie (D:5)
  2 leopard gecko zombies (D:5 D:8)
  2 quokka skeletons (D:4 D:5)
  30 rats (D:1 D:2 D:3 D:4 Sewer)
  2 rat skeletons (Sewer)
  A spectral orc (D:3)
267 creatures vanquished.

Vanquished Creatures (collateral kills)
  A kobold demonologist (Bailey)
  A yak (D:11)
  A hog (D:7)
  An orc warrior (Bailey)
  A necrophage (D:6)
  2 bullfrogs (D:6 D:7)
  A scorpion (D:11)
  2 wights (D:8)
  2 electric eels (Bailey)
  A crimson imp (D:6)
  An orc priest (D:8)
  2 orc wizards (D:7 D:8)
  A shadow imp (D:7)
  An ooze (Sewer)
  2 orcs (D:6)
  A giant cockroach (D:4)
  2 kobolds (Sewer)
  A ball python (Sewer)
  A frilled lizard (Sewer)
  A goblin (D:11)
  2 rats (Sewer)
28 creatures vanquished.

Vanquished Creatures (others)
  3 hog skeletons (D:7)
  A komodo dragon skeleton (D:11)
  A yak zombie (D:11)
  A wight (D:8)
  2 centaur zombies (D:11)
  2 bullfrog skeletons (D:6 D:8)
  A centaur skeleton (D:11)
  A human skeleton (D:7)
  An ogre skeleton (D:8)
  A necrophage skeleton (D:6)
  A hound skeleton (D:4)
  A worker ant zombie (D:8)
  A gnoll zombie (Bailey)
  A ball python skeleton (Sewer)
  2 gnoll skeletons (Bailey)
  3 goblin zombies (Bailey)
  A hobgoblin skeleton (Bailey)
  6 hobgoblin zombies (Bailey)
  A jackal skeleton (D:7)
  A jackal zombie (D:7)
  3 kobold zombies (Sewer Bailey)
  A leopard gecko skeleton (D:6)
  13 orc skeletons (D:4 D:6 D:8 Bailey D:11)
  4 orc zombies (D:8 Bailey)
  2 quokka skeletons (D:7 D:11)
  2 rat skeletons (Sewer)
  A river rat skeleton (Sewer)
58 creatures vanquished.

Grand Total: 353 creatures vanquished

Notes
Turn   | Place    | Note
-------+----------+-------------------------------------------
     0 | D:1      | MachJacob the Draconian Venom Mage began the quest for the
                  | Orb.
     0 | D:1      | Reached XP level 1. HP: 14/14 MP: 3/3
   291 | D:1      | Reached XP level 2. HP: 20/20 MP: 1/5
   826 | D:1      | Reached XP level 3. HP: 26/26 MP: 3/6
   832 | D:1      | Learned a level 3 spell: Mephitic Cloud
  1690 | D:2      | Found a glowing silver altar of Zin.
  2228 | D:2      | Reached XP level 4. HP: 33/33 MP: 3/7
  2427 | D:2      | Found a hazy altar of Hepliaklqana.
  2661 | D:3      | Found a white marble altar of Elyvilon.
  2789 | D:3      | Noticed a centaur
  2799 | D:3      | Killed a centaur
  2799 | D:3      | Reached skill level 1 in Air Magic
  2799 | D:3      | Reached XP level 5. HP: 26/38 MP: 4/8
  3539 | D:3      | Found a basalt altar of Yredelemnul.
  3549 | D:3      | Became a worshipper of Yredelemnul the Dark
  3585 | D:4      | Reached XP level 6. HP: 45/45 MP: 2/10
  3782 | D:4      | Found a glowing drain.
  3863 | Sewer    | Entered a sewer
  4102 | Sewer    | Reached * piety under Yredelemnul
  5471 | D:4      | Found a snail-covered altar of Cheibriados.
  6057 | D:4      | Found an ornate altar of the Wu Jian Council.
  6161 | D:5      | Entered Level 5 of the Dungeon
  6412 | D:5      | Learned a level 4 spell: Olgreb's Toxic Radiance
  6695 | D:5      | Reached skill level 5 in Poison Magic
  6695 | D:5      | Your scales start taking on a dull iron-grey colour.
  6695 | D:5      | Reduced skill Air Magic to level 1
  6695 | D:5      | Reached XP level 7. HP: 27/50 MP: 11/11
  6695 | D:5      | Gained mutation: You can survive without breathing. [Grey
                  | Draconian growth]
  7102 | D:5      | Reached ** piety under Yredelemnul
  7637 | D:6      | Found an ancient bone altar of Kikubaaqudgha.
  7638 | D:6      | Found a radiant altar of Vehumet.
  8504 | D:6      | Found a staircase to the Ecumenical Temple.
  8505 | D:6      | Noticed Menkaure
  8516 | D:6      | Killed Menkaure
  8516 | D:6      | Reached skill level 5 in Conjurations
  8800 | D:6      | Reached XP level 8. HP: 41/57 MP: 7/12
  9262 | D:7      | Noticed a hippogriff
  9471 | D:7      | Found a shimmering altar of Xom.
  9827 | D:6      | Reached skill level 1 in Invocations
 10413 | D:6      | Killed a hippogriff
 10509 | D:7      | Reached XP level 9. HP: 61/61 MP: 5/13
 10635 | D:7      | Noticed Joseph
 10667 | D:7      | Killed Joseph
 10934 | D:7      | Your ally Joseph died
 11321 | D:7      | Noticed Pikel
 11374 | D:7      | Killed Pikel
 11603 | D:7      | Reached *** piety under Yredelemnul
 11770 | D:8      | Reached skill level 5 in Dodging
 12509 | D:8      | Found a shattered altar of Ashenzari.
 12906 | D:8      | Found a hide-covered altar of Uskayaw.
 13173 | D:8      | Received a gift from Yredelemnul (a wight)
 13432 | D:8      | Noticed Grum
 13449 | D:8      | Killed Grum
 13449 | D:8      | Reached XP level 10. HP: 37/69 MP: 1/14
 13704 | D:8      | You fall into a shaft and drop 3 floors!
 14005 | D:11     | HP: 1/69 [yak (16)]
 14250 | D:11     | Found a flagged portal.
 14259 | D:11     | Received a gift from Yredelemnul (a wight)
 14294 | Bailey   | Entered a bailey
 14511 | Bailey   | Found an iron altar of Okawaru.
 14520 | Bailey   | Reached skill level 5 in Invocations
 14618 | Bailey   | Noticed an orc knight
 14644 | Bailey   | Killed an orc knight
 14868 | Bailey   | Reached skill level 5 in Air Magic
 14967 | Bailey   | Noticed an orc knight
 15018 | Bailey   | Killed an orc knight
 15030 | Bailey   | Reached **** piety under Yredelemnul
 15837 | Bailey   | Identified the Compendium of Confrontation (You acquired it
                  | in a bailey)
 16363 | D:11     | Killed an unseen horror
 16363 | D:11     | Reached XP level 11. HP: 8/75 MP: 6/15
 16364 | D:11     | Mangled by a yak

Levels and vault maps discovered:
D:1:      saegor_arrival_simple_c, layout_loops_ring, serial_forest,
          infiniplex_forest_lined_corner, infiniplex_forest_zigzag_2,
          infiniplex_forest_straight_4, infiniplex_forest_clump_diagonal,
          infiniplex_forest_end_double
D:2:      layout_loops_ring, marbit_many_paths, old_standard_altar,
          minivault_26, minmay_indecisive_spiral
D:3:      layout_basic, yredelemnul_forgotten_temple_becter, first_ration,
          wad_floor_pattern_1, elyvilon_altar_1
D:4:      layout_loops_ring, cheibriados_altar_1, kennysheep_mini_moat,
          portal_sewer_entry_e
D:5:      layout_cave_pools, serial_undead, serial_undead_a, serial_undead_f,
          serial_undead_e, serial_undead_a
D:6:      layout_basic, gammafunk_temple_overflow_pools,
          minmay_temple_entry_arrows, uniq_menkaure
D:7:      layout_basic, basic_altar, grunt_livestock, corexii_hall_statues_s,
          uniq_joseph, uniq_pikel
D:8:      layout_loops_ring, nicolae_overflow_hidden_temple, minitemple,
          nicolae_overflow_crystal_walls, uniq_grum
D:11:     old_forge, layout_irregular_city, orc_0_dummy, enter_bailey_3

Skill      XL: |  1  2  3  4  5  6  7  8  9 10 |
---------------+-------------------------------+-----
Dodging        | 2 3 4 5 6 |  6.3
Conjurations   | 2 3 4 5 6 7 9 |  9.4
Air Magic      | 1 1 2 3 4 5 |  5.0
Poison Magic   | 4 5 6 7 8 9 |  9.9
Spellcasting   | 3 |  3.1
Invocations    | 2 4 5 |  5.0
Fighting       | |  0.8
Stealth        | |  1.7

Action                   |  1- 3 |  4- 6 |  7- 9 | 10-12 || total
-------------------------+-------+-------+-------+-------++-------
Melee: Unarmed           |    15 |       |       |       ||    15
       Tailslap          |     2 |       |       |       ||     2
       Hunting sling     |       |     3 |     3 |     1 ||     7
       Dagger            |       |       |       |     1 ||     1
 Fire: Hunting sling     |       |   102 |   230 |    56 ||   388
 Cast: Sting             |    85 |   201 |   261 |    98 ||   645
       Mephitic Cloud    |       |     5 |     3 |     1 ||     9
       Olgreb's Toxic Ra |       |       |    11 |    27 ||    38
Invok: Animate Remains   |       |    14 |    13 |       ||    27
       Animate Dead      |       |       |     4 |    19 ||    23
  Use: Scroll            |     5 |    12 |     4 |     2 ||    23
       Potion            |       |     1 |     2 |     2 ||     5
  Eat: Chunk             |     5 |    13 |    16 |    20 ||    54
       Ration            |       |     2 |     3 |       ||     5
Armor: Skin              |    10 |    53 |   110 |    38 ||   211
Dodge: Dodged            |    20 |   109 |   157 |    56 ||   342

Table legend:
 A = Non-vault XP
 B = Vault XP
 C = Vault XP percentage of total XP
 D = Non-vault monster count
 E = Vault monster count
 F = Vault count percentage of total count
                 A         B        C        D         E       F
            +---------+---------+-------+---------+---------+-------
      Total |    5139 |    6006 |  53.9 |     160 |     128 |  44.4
            +---------+---------+-------+---------+---------+-------
        D:1 |      51 |       0 |   0.0 |      24 |       0 |   0.0
        D:2 |      55 |      15 |  21.4 |      15 |       5 |  25.0
        D:3 |     192 |       1 |   0.5 |      17 |       1 |   5.6
        D:4 |     215 |      13 |   5.7 |      10 |       8 |  44.4
        D:5 |      72 |     120 |  62.5 |      13 |       7 |  35.0
        D:6 |     918 |     154 |  14.4 |      23 |       1 |   4.2
        D:7 |     489 |    1947 |  79.9 |      17 |       7 |  29.2
        D:8 |     856 |     393 |  31.5 |      26 |       3 |  10.3
       D:11 |    2291 |     120 |   5.0 |      15 |       4 |  21.1
      Sewer |       0 |     131 | 100.0 |       0 |      48 | 100.0
     Bailey |       0 |    3112 | 100.0 |       0 |      44 | 100.0
            +---------+---------+-------+---------+---------+-------
